 Dungeon Crawl Stone Soup version 0.28-a0-245-g639a1a48b9 (webtiles) character file.

Game seed: 3909094206938224455

4797 rabbitsville the Zephyrmancer (level 10, -3/154 HPs)
             Began as a Purple Draconian Air Elementalist on Aug 24, 2021.
             Was a Follower of Vehumet.
             Slain by a soul eater (10 damage)
             ... summoned by a kobold demonologist
             ... on level 10 of the Dungeon.
             The game lasted 01:18:16 (10882 turns).

rabbitsville the Zephyrmancer (DrAE)               Turns: 10882, Time: 01:18:18

Health: -3/154     AC: 25    Str:  9 (10) XL:     10   Next: 24%
Magic:  1/15       EV:  2    Int: 19 (20) God:    Vehumet [*.....]
Gold:   456        SH:  5    Dex:  9 (11) Spells: 5/16 levels left

rFire   . . .      SeeInvis .   r - staff of air
rCold   . . .      Faith    .   (no shield)
rNeg    + + +      Spirit   .   (armour unavailable)
rPois   +          Reflect  +   (helmet currently unavailable)
rElec   +          Harm     .   (cloak currently unavailable)
rCorr   .          Rampage  .   (gloves currently unavailable)
Will    +....      NoTele   +   (boots currently unavailable)
Stlth   ..........              i - amulet of reflection
HPRegen 0.35/turn               l - ring of wizardry
MPRegen 0.14/turn               c - +4 ring of evasion

@: brilliant, berserking, tree-form, attractive, slowed
A: stationary, stasis, torment immunity, boosted hp, (breathe power), AC +7,
unfitting armour, (cold-blooded)
a: Renounce Religion


You were on level 10 of the Dungeon.
You worshipped Vehumet.
Vehumet was aware of your devotion.
You were a tree.
You visited 2 branches of the dungeon, and saw 11 of its levels.

You collected 456 gold pieces.

Inventory:

Hand Weapons
 d - a +0 dagger
 e - a +0 spear
 s - a +5 flail of draining
Missiles
 A - a throwing net
Armour
 m - a +0 pair of gloves (melded)
 n - a +1 pair of boots (melded)
Magical Staves
 b - a staff of poison
 r - a staff of air (weapon)
Jewellery
 c - a +4 ring of evasion (right branch)
 h - a ring of see invisible
 i - an amulet of reflection (around neck)
 k - an amulet of magic regeneration
 l - a ring of wizardry (left branch)
 p - a ring of willpower
 t - a ring of willpower
 w - a ring of fire
Wands
 y - a wand of flame (20)
 E - a wand of acid (9)
Scrolls
 g - 3 scrolls of summoning
 j - a scroll of enchant armour
 u - 2 scrolls of amnesia
 v - 3 scrolls of noise
Potions
 a - 2 potions of mutation
 o - 2 potions of lignification
 q - 3 potions of resistance


   Skills:
 - Level 1.7 Dodging
 - Level 1.7 Stealth
 + Level 3.7 Spellcasting
 + Level 3.3 Conjurations
 + Level 1.5 Translocations
 * Level 12.0 Air Magic
 - Level 8.7 Evocations


You had 5 spell levels left.
You knew the following spells:

 Your Spells              Type           Power      Damage    Failure   Level
a - Shock                 Conj/Air       100%       1d9       1%          1
b - Static Discharge      Conj/Air       65%        N/A       1%          2
d - Poisonous Vapours     Pois/Air       100%       N/A       1%          2
e - Airstrike             Air            42%        N/A       1%          4
f - Blink                 Tloc           N/A        N/A       4%          2

Your spell library contained the following spells:

 Spells                   Type           Power      Damage    Failure   Level
 Foxfire                  Conj/Fire      56%        2x1d6     2%          1
 Corpse Rot               Necr/Air       N/A        N/A       1%          2
 Swiftness                Air            84%        N/A       1%          3
 Animate Skeleton         Necr           10%        N/A       6%          1
 Pain                     Necr           20%        1d5       6%          1
 Vampiric Draining        Necr           2%         2d6       16%         3
 Freezing Cloud           Conj/Ice/Air   25%        6-21      19%         5
 Manifold Assault         Tloc           13%        N/A       61%         5
 Storm Form               Tmut/Air       28%        N/A       98%         7


Dungeon Overview and Level Annotations

Branches:
Dungeon (10/15)            Temple (1/1) D:5
   Lair: D:8-11         Orc: D:9-12

Altars:
Ashenzari
Cheibriados
Dithmenos
Elyvilon
Fedhas
Gozag
Hepliaklqana
Kikubaaqudgha
Makhleb
Okawaru
Qazlal
Ru
Sif Muna
Trog
Uskayaw
Vehumet
Wu Jian
Xom
Yredelemnul
Zin
The Shining One

Shops:
D:1 :

Annotations:
D:3 Sigmund
D:4 1 runed translucent door, Thraspic's ghost, amateur MiGl
D:7 2 transporters, lunkers's ghost, novice DjEE
D:8 Psyche


Innate Abilities, Weirdness & Mutations

You are a tree.
Your roots penetrate the ground, keeping you stationary.
You cannot be teleported.
You are immune to unholy pain and torment.
Your maximum health is greatly increased.
Your equipment is partially melded.
((You can breathe bolts of dispelling energy.))
((Your rich purple scales are hard. (AC +7)))
You cannot fit into any form of body armour.
((You are cold-blooded and may be slowed by cold attacks.))


Message History

* * * LOW HITPOINT WARNING * * *
An orc priest comes into view. It is wielding a +0 mace.
The kobold demonologist hits you but does no damage.
The orc warrior hits you but does no damage.
The orc is attracted toward you. x2; The orc priest is attracted toward you.
Casting: Static Discharge (safe; 1% risk of failure)
Confirm with . or Enter, or press ? or * to list all spells.
Aiming: Shock (safe; 1% risk of failure)
Press: ? - help, Shift-Dir - straight line, p - kobold brigand You feel a strong surge of power!
The zap hits the kobold demonologist.
The kobold demonologist is heavily wounded.
The zap hits the orc!
You kill the orc!
Vehumet accepts your kill.
The zap hits the orc.
The orc is moderately wounded.
The orc priest shouts!
You feel sick.
The kobold brigand hits you with a +0 short sword.
* * * LOW HITPOINT WARNING * * *
You block the kobold demonologist's attack.
The orc warrior hits you but does no damage.
The kobold demonologist hits you with a +0 dagger.
* * * LOW HITPOINT WARNING * * *
It was a potion of berserk rage.
A red film seems to cover your vision as you go berserk!
You feel yourself moving faster!
You feel mighty!
You feel sick.
The orc warrior hits you but does no damage.
The orc priest miscasts a cantrip.
The soul eater hits you!
* * * LOW HITPOINT WARNING * * *
The kobold demonologist gestures wildly while chanting.
The orc warrior hits you but does no damage.
You hit the soul eater but do no damage.
The soul eater is electrocuted.
The soul eater is lightly wounded.
You feel sick.
You are no longer poisoned.
The soul eater hits you!
You die...

#.............# ###
####..........# #.##
#..........## #..#
##..)......)..
######.#
##......##....#
#....#.#####4o...#.#
#####
#.....#..##.KKo###.#
#####..#..Ko3K## ###
#....#.##♣##
#....####..# ###...#
#..# ###...### #..#
#......###....
...#............# ..
#.##.#...###.#
####...### ..
#...####


You could see a soul eater (summoned), a kobold demonologist, a chaos spawn
(summoned), an orc warrior, 2 kobold brigands, an orc priest, an orc and a
kobold.

Vanquished Creatures
  Joseph (D:8)
  Maggie (D:8)
  A hornet (D:7)
  2 shadows
  A wyvern (D:9)
  Eustachio (D:5)
  8 yaks
  4 water moccasins
  A sky beast (D:7)
  An ice beast (D:7)
  A necrophage (D:7)
  An ogre (D:5)
  4 centaurs
  A bullfrog (D:8)
  A kobold brigand (D:10)
  A scorpion (D:4)
  A wyvern zombie (D:7)
  5 wights
  5 howler monkeys
  A centaur zombie (D:5)
  A jelly (D:4)
  A hound (D:6)
  A bullfrog skeleton (D:6)
  An orc priest (D:6)
  A centaur skeleton (D:5)
  4 iguanas
  2 orc wizards
  A killer bee zombie (D:7)
  A howler monkey zombie (D:7)
  6 adders
  4 worms (D:2)
  2 dart slugs
  12 orcs
  2 bats
  10 endoplasms
  4 giant cockroaches
  7 goblins
  5 hobgoblins
  2 jackals (D:1)
  8 kobolds
  3 quokkas
  7 ball pythons
  2 frilled lizards (D:1)
  5 rats
  A spectral orc (D:5)
135 creatures vanquished.

Vanquished Creatures (others)
  A fungus (D:1)
1 creature vanquished.

Grand Total: 136 creatures vanquished

Notes
Turn   | Place    | Note
-------+----------+-------------------------------------------
     0 | D:1      | rabbitsville the Draconian Air Elementalist began the quest
                  | for the Orb.
     0 | D:1      | Reached XP level 1. HP: 14/14 MP: 3/3
   178 | D:1      | Reached XP level 2. HP: 13/20 MP: 0/5
   629 | D:1      | Reached XP level 3. HP: 26/26 MP: 1/6
   958 | D:1      | Found a faded altar of an unknown god.
   968 | D:1      | Found Muomoteh's Book Shop.
  1494 | D:2      | Learned a level 2 spell: Static Discharge
  1805 | D:2      | Reached XP level 4. HP: 21/33 MP: 0/7
  2132 | D:2      | Reached skill level 4 in Air Magic
  2311 | D:2      | Noticed a scorpion
  3287 | D:3      | Noticed Sigmund
  3828 | D:4      | Found a runed translucent door.
  3830 | D:4      | Noticed a bullfrog
  3832 | D:4      | Noticed Thraspic's ghost (amateur MiGl)
  3914 | D:4      | Reached XP level 5. HP: 37/38 MP: 2/9
  3954 | D:4      | Reached skill level 1 in Evocations
  4152 | D:4      | Reached skill level 5 in Air Magic
  4332 | D:4      | Reached XP level 6. HP: 44/45 MP: 5/10
  4624 | D:5      | Entered Level 5 of the Dungeon
  4624 | D:5      | Found a glowing golden altar of the Shining One.
  4781 | D:5      | Found a basalt altar of Yredelemnul.
  4811 | D:5      | Found a staircase to the Ecumenical Temple.
  4813 | D:5      | Noticed Eustachio
  4896 | D:5      | Found a burning altar of Makhleb.
  5046 | Temple   | Entered the Ecumenical Temple
  5064 | Temple   | Became a worshipper of Vehumet
  5385 | D:5      | Reached skill level 6 in Air Magic
  5479 | D:5      | Your scales start taking on a rich purple colour.
  5479 | D:5      | Reached XP level 7. HP: 50/50 MP: 5/11
  5552 | D:5      | Killed Eustachio
  5794 | D:6      | Learned a level 3 spell: Swiftness
  5803 | D:6      | Found a hazy altar of Hepliaklqana.
  5819 | D:6      | Reached skill level 7 in Air Magic
  6174 | D:6      | Found an ornate altar of the Wu Jian Council.
  6447 | D:6      | Reached XP level 8. HP: 57/57 MP: 4/12
  6548 | D:7      | Reached skill level 8 in Air Magic
  6548 | D:7      | Reached skill level 5 in Evocations
  6703 | D:7      | Learned a level 2 spell: Poisonous Vapours
  6823 | D:7      | Noticed a hornet
  7233 | D:7      | Reached skill level 9 in Air Magic
  7879 | D:7      | Killed a hornet
  7980 | D:7      | Noticed lunkers's ghost (novice DjEE)
  7981 | D:7      | Found a transporter.
  7981 | D:7      | Identified the +7 great mace of Eteawkat {venom, rPois rC+
                  | Int+2 Dex+4}
  7986 | D:7      | Found a transporter.
  8149 | D:8      | Reached XP level 9. HP: 21/62 MP: 3/13
  8476 | D:8      | Reached skill level 10 in Air Magic
  8535 | D:8      | Noticed Psyche
  8547 | D:8      | Found a shimmering altar of Xom.
  8633 | D:8      | Noticed a deep elf pyromancer
  8635 | D:8      | Noticed Maggie
  8902 | D:8      | Killed Maggie
  9121 | D:8      | Noticed Joseph
  9130 | D:8      | Killed Joseph
  9131 | D:8      | Reached skill level 11 in Air Magic
  9640 | D:9      | Reached * piety under Vehumet
  9640 | D:9      | Offered knowledge of Foxfire by Vehumet.
  9718 | D:8      | Reached XP level 10. HP: 19/69 MP: 4/14
  9988 | D:8      | Found an opulent altar of Gozag.
 10326 | D:9      | Learned a level 4 spell: Airstrike
 10330 | D:9      | Learned a level 2 spell: Blink
 10342 | D:9      | Reached skill level 1 in Translocations
 10473 | D:9      | Reached skill level 12 in Air Magic
 10649 | D:10     | Entered Level 10 of the Dungeon
 10879 | D:10     | Noticed a soul eater
 10882 | D:10     | HP: 7/154 [poisoned by a kobold brigand (curare-tipped
                  | dart)]
 10882 | D:10     | Slain by a soul eater

Illustrated notes

Levels and vault maps discovered:
D:1:      scummos_arrival_checkerplants, layout_rooms, serial_shops,
          nicolae_shop_behind_doors, basic_ecumenical_altar,
          chequers_serial_rivers_micro_e, nrook_loot_triangle,
          kennysheep_another_room
D:2:      layout_loops_ring, minmay_vboxes
D:3:      layout_basic, serial_shops, nicolae_diamond_shop, uniq_sigmund
D:4:      layout_loops_cross, ebering_ghost_sewer_d,
          chequers_serial_rivers_room_a, minmay_misc_feat_columns
D:5:      layout_rooms, yredelemnul_forgotten_temple_becter,
          nicolae_overflow_crystal_walls, mainiacjoe_overflow_brackets,
          temple_fountains, uniq_eustachio
D:6:      layout_rooms, lemuel_doored_altar, mainiacjoe_overflow_tiny_flanked
D:7:      layout_basic, gammafunk_ghost_smash
D:8:      layout_loops_ring, grunt_gozag_statues,
          mainiacjoe_overflow_cross_hatched, uniq_maggie, uniq_psyche,
          uniq_joseph
D:9:      layout_cave_pools, st_stairs_6
D:10:     layout_layer_cave, kennysheep_little_box
Temple:   eino_temple_water

Skill      XL: |  1  2  3  4  5  6  7  8  9 10 |
---------------+-------------------------------+-----
Conjurations   | 2 3 |  3.3
Air Magic      | 4 5 6 7 9 11 12 | 12.0
Evocations     | 1 3 4 6 8 |  8.7
Spellcasting   | 3 |  3.7
Translocations | 1 |  1.5
Dodging        | |  1.7
Stealth        | |  1.7

Action                   |  1- 3 |  4- 6 |  7- 9 | 10-12 || total
-------------------------+-------+-------+-------+-------++-------
Melee: Club              |    11 |       |       |       ||    11
       Unarmed           |     5 |       |       |       ||     5
       Tailslap          |     4 |     2 |     4 |       ||    10
       Dagger            |    10 |       |       |       ||    10
       Spear             |    24 |    17 |       |       ||    41
       Staff             |       |     8 |    53 |     7 ||    68
 Cast: Shock             |    76 |    93 |   111 |    26 ||   306
       Static Discharge  |     1 |    10 |    36 |     9 ||    56
       Poisonous Vapours |       |       |    10 |     1 ||    11
       Swiftness         |       |       |     2 |       ||     2
       Blink             |       |       |       |     2 ||     2
       Airstrike         |       |       |       |     1 ||     1
 Abil: Breathe Dispellin |       |       |     6 |     2 ||     8
  Use: Scroll            |       |     4 |     9 |     2 ||    15
       Potion            |       |       |     3 |     6 ||     9
 Stab: Sleeping          |       |     2 |       |       ||     2
Armor: Skin              |    11 |     6 |    35 |    10 ||    62
Dodge: Dodged            |    31 |    11 |    84 |    24 ||   150
Block: Other             |       |     2 |    31 |     9 ||    42
       Reflection        |       |       |     4 |     4 ||     8

Table legend: (Time is in decaauts)
 A = Elapsed time spent in this place.
 B = Non-inter-level travel time spent in this place.
 C = Inter-level travel time spent in this place.
 D = Time resting spent in this place.
 E = Time spent auto-exploring this place.
 F = Levels seen in this place.
 G = Mean time per level.
                   A        B        C        D        E       F      G
               +--------+--------+--------+--------+--------+-----+--------+
         Total |  10919 |  10101 |    818 |   4090 |   1879 |  11 |  992.6 |
       Dungeon |  10712 |   9894 |    818 |   4090 |   1720 |  10 | 1071.2 |
        Temple |    206 |    206 |      0 |      0 |    159 |   1 |  206.0 |
               +--------+--------+--------+--------+--------+-----+--------+

Top non-repeatable levels by time:
     D:7: 1960 daAuts
     D:2: 1494 daAuts
     D:8: 1335 daAuts
     D:1: 1255 daAuts
     D:6: 1038 daAuts
     D:3: 1009 daAuts
     D:4: 916 daAuts
     D:5: 825 daAuts
     D:9: 634 daAuts
    D:10: 242 daAuts
  Temple: 206 daAuts
